[Event "Team 45 45 League T85"]
[Site "Internet Chess Club"]
[Date "2020.07.13"]
[Round "2"]
[White "rkjulianjr"]
[Black "xingon"]
[Result "1-0"]
[WhiteElo "1359"]
[BlackElo "1385"]
[Opening "Nimzo-Indian: 4.e3"]
[ECO "E40"]
[Time "13:00:29"]
[TimeControl "2700+45"]

1. d4 Nf6 2. c4 e6 3. Nc3 Bb4 4. e3 Bxc3+ 5. bxc3 O-O 6. Bd3 b6 7. Nf3 Bb7 8.
Rb1 d6 9. O-O c5 10. Re1 Nbd7 11. e4 e5 12. Bg5 Re8 13. a4 Rb8 14. Qd2 Qc7 15.
d5 Ba6 16. h3 Bc8 17. Nh4 h6 18. Be3 Nf8 19. Nf5 Bxf5 20. exf5 Qd7 21. Ra1 Rb7
22. g4 N6h7 23. f3 Qe7 24. Qf2 Ng5 25. Qg2 Reb8 26. f4 Ngh7 27. g5 h5 28. f6 Qd7
29. Rf1 exf4 30. Rxf4 g6 31. Re4 Re8 32. Rxe8 Qxe8 33. Bf4 Qd7 34. Re1 Rb8 35.
Bc2 a6 36. Qg3 Rd8 37. Re7 Qc8 38. Bxd6 Rxd6 39. Qxd6 Qxh3 40. Rxf7 Qe3+ 41. Kf1
Kxf7 42. Qc7+ Kg8 43. Qg7# {Black checkmated} 1-0

[Event "Team 45 45 League T85"]
[Site "Internet Chess Club"]
[Date "2020.07.10"]
[Round "2"]
[White "rawtoureux"]
[Black "CMAlge"]
[Result "0-1"]
[WhiteElo "1314"]
[BlackElo "1215"]
[Opening "Queen's pawn: Chigorin variation"]
[ECO "D00"]
[Time "14:58:28"]
[TimeControl "2700+45"]

1. d4 d5 2. Nc3 Nf6 3. Bf4 a6 4. e3 e6 5. Bd3 c5 6. dxc5 Bxc5 7. Nf3 O-O 8. Ne5
Qb6 9. b3 Bb4 10. Qd2 Qa5 11. O-O Bxc3 12. Qd1 Bxa1 13. Qxa1 b5 14. g4 Bb7 15.
h4 Nfd7 16. Nxd7 Nxd7 17. g5 f6 18. g6 h6 {White resigns} 0-1

[Event "Team 45 45 League T85"]
[Site "Internet Chess Club"]
[Date "2020.07.10"]
[Round "2"]
[White "seldredg"]
[Black "chessnutdale"]
[Result "0-1"]
[WhiteElo "1312"]
[BlackElo "1394"]
[Opening "QGD semi-Slav: 6.Bd3"]
[ECO "D46"]
[Time "13:31:12"]
[TimeControl "2700+45"]

1. c4 e6 2. Nc3 Nf6 3. Nf3 c6 4. d4 d5 5. e3 Nbd7 6. Bd3 b6 7. a3 Bd6 8. b4 Bb7
9. c5 Bc7 10. Qe2 O-O 11. Nd2 e5 12. O-O exd4 13. exd4 Re8 14. Qd1 bxc5 15. bxc5
Nf8 16. f4 Bc8 17. Nf3 Bg4 18. h3 Bh5 19. Qc2 Ne6 20. Ne5 Nxd4 21. Qa4 Ne6 22.
Nxc6 Qc8 23. Nb5 Nxc5 24. Qc2 Nxd3 25. Qxd3 Bb6+ 26. Ncd4 Qd7 27. f5 Be2 28. Qg3
Bxf1 29. Bh6 g6 30. Kxf1 a6 31. Qh4 Qe7 32. Rc1 axb5 33. Rc6 Bxd4 34. Bd2 Qe2#
{White checkmated} 0-1

[Event "Team 45 45 League T85"]
[Site "Internet Chess Club"]
[Date "2020.07.13"]
[Round "2"]
[White "Packerfan"]
[Black "cadmiumorange"]
[Result "0-1"]
[WhiteElo "1768"]
[BlackElo "1806"]
[Opening "English: Sicilian reversed"]
[ECO "A25"]
[Time "14:00:22"]
[TimeControl "2700+45"]

1. c4 Nc6 2. Nc3 e5 3. g3 f5 4. Bg2 Nf6 5. d3 Bb4 6. e4 Bxc3+ 7. bxc3 fxe4 8.
dxe4 d6 9. Ba3 Be6 10. c5 dxc5 11. Qxd8+ Rxd8 12. Bxc5 b6 13. Ba3 Na5 14. Ne2
Nc4 15. Bc1 O-O 16. O-O Nd2 17. Re1 Ndxe4 18. Nf4 exf4 19. Bxe4 Nxe4 20. Rxe4
Rd1+ 21. Kg2 Bd5 22. f3 Bxe4 23. fxe4 f3+ 24. Kf2 Rd3 25. Ba3 c5 26. Rc1 Rd2+
{White resigns} 0-1

[Event "Team 45 45 League T85"]
[Site "Internet Chess Club"]
[Date "2020.07.12"]
[Round "2"]
[White "BrianWood"]
[Black "Draconian"]
[Result "0-1"]
[WhiteElo "1602"]
[BlackElo "1739"]
[Opening "Sicilian: Grand Prix attack"]
[ECO "B23"]
[Time "21:00:55"]
[TimeControl "2700+45"]

1. e4 c5 2. Nc3 Nc6 3. f4 d6 4. Nf3 Bg4 5. d3 Nd4 6. Be2 Bxf3 7. Bxf3 e5 8. O-O
Nf6 9. fxe5 dxe5 10. Bg5 Be7 11. Bxf6 Bxf6 12. Nd5 Be7 13. c3 Ne6 14. Qa4+ Qd7
15. Qxd7+ Kxd7 16. Bg4 Raf8 17. Bxe6+ fxe6 18. Rxf8 Rxf8 19. Nxe7 Kxe7 20. Rf1
Rd8 21. Rf3 c4 22. d4 exd4 23. cxd4 Rxd4 {White resigns} 0-1

[Event "Team 45 45 League T85"]
[Site "Internet Chess Club"]
[Date "2020.07.10"]
[Round "2"]
[White "ivanson"]
[Black "JeffH"]
[Result "0-1"]
[WhiteElo "1626"]
[BlackElo "1739"]
[Opening "Pirc: Austrian attack, dragon formation"]
[ECO "B09"]
[Time "17:01:14"]
[TimeControl "2700+45"]

1. e4 d6 2. d4 Nf6 3. Nc3 g6 4. f4 Bg7 5. Nf3 c5 6. Bb5+ Bd7 7. Bxd7+ Nbxd7 8.
d5 O-O 9. Qe2 a6 10. a4 Re8 11. O-O e6 12. dxe6 Rxe6 13. Ng5 Re7 14. Qd3 Qc7 15.
b3 Rae8 16. Bd2 h6 17. Nh3 Qc6 18. Nf2 Nxe4 19. Rae1 Nxd2 20. Rxe7 Rxe7 21. Qxd2
Bd4 22. Kh1 Nf6 23. Ne2 Bxf2 24. Rxf2 Ne4 {White resigns} 0-1

[Event "Team 45 45 League T85"]
[Site "Internet Chess Club"]
[Date "2020.07.08"]
[Round "2"]
[White "THE-WARRIOR"]
[Black "Snuffleupegus"]
[Result "1-0"]
[WhiteElo "1596"]
[BlackElo "1417"]
[Opening "King's Indian: 5.Nf3"]
[ECO "E90"]
[Time "20:03:20"]
[TimeControl "2700+45"]

1. d4 Nf6 2. c4 g6 3. Nc3 Bg7 4. Nf3 d6 5. e4 Nc6 6. Be3 O-O 7. d5 Nb8 8. Bd3 e6
9. O-O e5 10. h3 Ne8 11. Qc1 f5 12. Bg5 Bf6 13. exf5 gxf5 14. Bxf6 Qxf6 15. Qg5+
Qxg5 16. Nxg5 h6 17. Ne6 Bxe6 18. dxe6 Nc6 19. Nd5 e4 20. Be2 Ne5 21. b3 c6 22.
Nf4 Nc7 23. Rad1 Rfd8 24. Bh5 Kg7 25. Rd2 b5 26. cxb5 cxb5 27. Rc1 Rac8 28. e7
Rd7 29. e8=Q Rxe8 30. Bxe8 Nxe8 31. Ne6+ Kf6 32. Nf4 Nc7 33. Rcd1 Ke7 34. Kf1
Nf7 35. Ke2 Kf6 36. Ke3 Ke5 37. Ng6+ Kf6 38. Nf4 Ke5 39. h4 Nd8 40. Ng6+ Kf6 41.
Nf8 Rf7 42. Rxd6+ Nde6 43. Nxe6 Nxe6 44. g3 Rc7 45. R1d5 Rc3+ 46. Kd2 Rf3 47.
Ke2 Rc3 48. Rxb5 Rc2+ 49. Ke3 Rc3+ 50. Ke2 Rc2+ 51. Ke1 Rc1+ 52. Rd1 Rc2 53. Ra5
Nd4 {Black resigns} 1-0

[Event "Team 45 45 League T85"]
[Site "Internet Chess Club"]
[Date "2020.07.13"]
[Round "2"]
[White "filmdirector"]
[Black "fledermaus"]
[Result "0-1"]
[WhiteElo "1621"]
[BlackElo "1880"]
[Opening "Sicilian: closed"]
[ECO "B23"]
[Time "14:08:02"]
[TimeControl "2700+45"]

1. e4 c5 2. Nc3 e6 3. Nf3 Nc6 4. Be2 Nf6 5. d3 d6 6. Bf4 Be7 7. O-O O-O 8. h3 a6
9. Qd2 b5 10. a3 d5 11. Bh2 b4 12. axb4 cxb4 13. Na4 dxe4 14. Ne5 Nxe5 15. Bxe5
Bb7 16. d4 Nd5 17. c4 Nb6 18. f4 Nxa4 19. Rxa4 f6 20. Rxb4 Bxb4 21. Qxb4 fxe5
22. Qxb7 Qxd4+ 23. Kh1 Qe3 24. Bg4 exf4 25. Bxe6+ Kh8 26. Bd5 Rab8 27. Qe7 Rbe8
28. Qh4 f3 29. g4 Qe2 30. Rf2 Qe1+ 31. Kh2 e3 32. Be4 Qxf2+ 33. Qxf2 exf2 {White
resigns} 0-1

[Event "Team 45 45 League T85"]
[Site "Internet Chess Club"]
[Date "2020.07.12"]
[Round "2"]
[White "justice02"]
[Black "Beetlejuice"]
[Result "0-1"]
[WhiteElo "1549"]
[BlackElo "1716"]
[Opening "Sicilian defense"]
[ECO "B30"]
[Time "09:00:24"]
[TimeControl "2700+45"]

1. e4 c5 2. Nf3 Nc6 3. c3 Nf6 4. d3 d5 5. e5 Nd7 6. d4 cxd4 7. cxd4 e6 8. Bd3
Be7 9. a3 O-O 10. Bc2 b6 11. Qd3 f5 12. h4 Re8 13. Ng5 Nf8 14. Ba4 Bd7 15. Bc2
a5 16. Nc3 Bc8 17. Ne2 Ba6 18. Qe3 Rc8 19. Bd3 Bxd3 20. Qxd3 Qd7 21. Qf3 Rc7 22.
Be3 Rec8 23. O-O a4 24. Qh5 Bd8 25. Rfd1 Na5 26. Nf4 h6 27. Ngh3 Rc2 28. Ng6
Rxb2 29. Nxf8 Kxf8 30. Nf4 Nc4 31. Ng6+ Kg8 32. Bf4 Qf7 33. Bg5 Bxg5 34. hxg5
Kh7 35. Nf4 Qxh5 36. Nxh5 hxg5 37. Rd3 Rb3 38. Rxb3 axb3 39. Rb1 Nd2 40. Rd1 b2
{White resigns} 0-1

[Event "Team 45 45 League T85"]
[Site "Internet Chess Club"]
[Date "2020.07.13"]
[Round "2"]
[White "CPTsopiens"]
[Black "Grenadier"]
[Result "1-0"]
[WhiteElo "1816"]
[BlackElo "1587"]
[Opening "Caro-Kann: Panov-Botvinnik attack, 5...e6"]
[ECO "B14"]
[Time "20:00:31"]
[TimeControl "2700+45"]

1. e4 c6 2. d4 d5 3. exd5 cxd5 4. c4 Nf6 5. Nc3 e6 6. Nf3 Bb4 7. a3 Bxc3+ 8.
bxc3 O-O 9. Bd3 dxc4 10. Bxc4 Qc7 11. Qd3 b6 12. O-O Bb7 13. Re1 Nbd7 14. Bb3
Rad8 15. Qe3 Nd5 16. Bxd5 Bxd5 17. Bd2 Nf6 18. Ne5 Ba8 19. Qd3 Nd7 20. Qg3 Nxe5
21. Rxe5 Rfe8 22. Bg5 Rd5 23. Bf6 g6 24. Qg5 Qxc3 25. Rc1 Rxe5 26. dxe5 Qxa3 27.
h4 h5 28. Rc7 Qf8 29. Rxa7 Bd5 30. g4 Kh7 31. gxh5 gxh5 32. Qxh5+ Qh6 33. Rxf7+
{Black resigns} 1-0

[Event "Team 45 45 League T85"]
[Site "Internet Chess Club"]
[Date "2020.07.11"]
[Round "2"]
[White "GoIrish"]
[Black "ghostfire"]
[Result "1/2-1/2"]
[WhiteElo "1519"]
[BlackElo "1674"]
[Opening "Réti opening"]
[ECO "A05"]
[Time "12:00:41"]
[TimeControl "2700+45"]

1. Nf3 Nf6 2. g3 d5 3. Bg2 Nc6 4. d4 Bg4 5. Ne5 Bf5 6. c4 Nxe5 7. dxe5 Ng4 8.
Bf4 c6 9. h3 Nh6 10. cxd5 cxd5 11. Qxd5 e6 12. Qb5+ Qd7 13. Qxb7 Qxb7 14. Bxb7
Rb8 15. Bc6+ Kd8 16. b3 Rc8 17. Bg2 Bb4+ 18. Nd2 Rc2 19. a3 Bxa3 20. O-O Bb4 21.
Rfd1 Bxd2 22. Rxd2+ Rxd2 23. Bxd2 Kc8 24. Rxa7 Rd8 25. Ra8+ Kd7 26. Rxd8+ Kxd8
27. b4 Kc7 28. e4 Bg6 29. f3 Ng8 30. Kf2 Ne7 31. b5 Nc8 32. Ke3 Kb6 33. Bf1 Na7
34. g4 Nxb5 35. Bb4 f5 36. exf5 exf5 37. e6 fxg4 38. hxg4 Nc7 39. Bc4 Kc6 40.
Kd4 h5 41. gxh5 Bxh5 42. f4 Be8 43. Ke5 g6 44. Bd6 Nb5 45. Bxb5+ Kxb5 46. Kf6
Kc6 47. Ke7 Kd5 48. Kxe8 Kxe6 49. Be5 Kf5 50. Kf7 g5 51. fxg5 Kxg5 {Game drawn
because neither player has mating material} 1/2-1/2